 Dungeon Crawl Stone Soup version 0.27.1-34-g3ba077fa99 (webtiles) character file.

Game seed: 1241300782318898844

8671 MisterFreud the Basher (level 11, -1/104 HPs)
             Began as a Troll Berserker on Jan 30, 2022.
             Was an Elder of Trog.
             Killed from afar by an ogre mage (28 damage)
             ... with a bolt of magma
             ... on level 10 of the Dungeon.
             The game lasted 00:11:22 (6937 turns).

MisterFreud the Basher (Troll Berserker)            Turns: 6937, Time: 00:11:22

Health: -1/104     AC: 14    Str: 27    XL:     11   Next: 13%
Magic:  10/10      EV: 15    Int:  4    God:    Trog [****..]
Gold:   845        SH:  5    Dex: 11    Spells: 10/10 levels left

rFire    . . .     SeeInvis .   u - +2 flail (protect)
rCold    . . .     Faith    .   (no shield)
rNeg     . . .     Spirit   .   B - +2 robe {Will+}
rPois    .         Reflect  +   (helmet restricted)
rElec    .         Harm     .   L - +0 cloak
rCorr    .         Rampage  .   (gloves unavailable)
Will     +....                  (boots unavailable)
Stlth    +.........             x - amulet of reflection
HPRegen  1.27/turn              F - +4 ring of evasion
MPRegen  0.12/turn              (no ring)

@: under a protective aura, on berserk cooldown, slowed, very slow
A: large, unfitting armour, claws 3, regeneration 1, shaggy fur 1, tough skin 1
a: Renounce Religion, Berserk, Trog's Hand, Brothers in Arms


You were on level 10 of the Dungeon.
You worshipped Trog.
Trog was greatly pleased with you.
You visited 1 branch of the dungeon, and saw 10 of its levels.

You collected 867 gold pieces.
You spent 22 gold pieces at shops.

Inventory:

Hand Weapons
 a - a +0 mace
 s - a +0 morningstar
 u - a +2 flail of protection (weapon)
Missiles
 y - 7 boomerangs
 D - 18 poisoned darts
 H - a curare-tipped dart
 I - 3 large rocks (quivered)
Armour
 b - a +0 animal skin
 B - a +2 robe of willpower (worn)
 L - a +0 cloak (worn)
Jewellery
 o - an amulet of guardian spirit
 x - an amulet of reflection (around neck)
 F - a +4 ring of evasion (left claw)
 J - an amulet of faith
 K - an amulet of the acrobat
Wands
 r - a wand of iceblast (22)
 M - a wand of digging (3)
Scrolls
 c - a scroll of immolation
 d - 2 scrolls of noise {unknown}
 e - 3 scrolls of enchant armour {unknown}
 f - 3 scrolls of enchant weapon {unknown}
 h - 2 scrolls of holy word {unknown}
 i - a scroll of torment {unknown}
 j - 3 scrolls of fear {unknown}
 k - 3 scrolls of silence {unknown}
 l - 2 scrolls of fog {unknown}
 n - a scroll of amnesia {unknown}
 t - 3 scrolls of teleportation {unknown}
 v - 3 scrolls of vulnerability {unknown}
 w - a scroll of magic mapping {unknown}
 A - a scroll of blinking {unknown}
 G - a scroll of brand weapon {unknown}
Potions
 g - a potion of ambrosia
 m - a potion of lignification
 p - a potion of berserk rage
 q - a potion of might
 z - a potion of heal wounds
 C - a potion of curing
 E - a potion of cancellation


   Skills:
 + Level 5.2 Fighting
 - Level 14.0 Maces & Flails
 + Level 0.0 Throwing
 - Level 5.0 Dodging


You had 10 spell levels left.
You didn't know any spells.
Your spell library was empty.

Dungeon Overview and Level Annotations

Branches:
Dungeon (10/15)            Temple (0/1) D:7            Lair (0/6) D:10
    Orc: D:9-12

Altars:
Cheibriados
Dithmenos
Fedhas
Trog
The Shining One

Shops:
D:1 *   D:7 (   D:10 (

Annotations:
D:3 3 runed translucent doors, PeterMcNeter's ghost, amateur MiHu
D:10 Erica; Erolcha


Innate Abilities, Weirdness & Mutations

You are too large for most types of armour.
You have claws for hands.
Your natural rate of healing is unusually fast.
You are covered in fur. (AC +1)
You have tough skin. (AC +1)


Message History

The centaur barely misses you. The centaur misses you.
Training target 14.0 for Maces & Flails reached!
Your Maces & Flails skill increases to level 14!
You need to enable at least one skill for training.
You bludgeon the centaur!!
You kill the centaur!
Trog accepts your kill. Something barely misses you.
Things that are here:
a +0 shortbow; 21 arrows; a centaur corpse You feel a strong urge to attack something.
Something hits you!
You feel yourself speed up.
You are no longer berserk.
You are exhausted.
You feel yourself slow down. Something hits you but does no damage.
Things that are here:
a +0 shortbow; 21 arrows; a centaur corpse You start resting.
Something hits you.
You hear some strange, mumbled words.
A bolt of magma appears from out of thin air!
The bolt of magma hits you!!
There is a strange disturbance nearby!
No target in view!
Something barely misses you.
Things that are here:
a +0 shortbow; 21 arrows; a centaur corpse No target in view!
You closely miss something. Something hits you. x2
You sock something!
Your weapon exudes an aura of protection.
Something hits you.
You sock something! Something hits you.
You hit something. Something hits you!
You barely miss something. Something hits you!
* * * LOW HITPOINT WARNING * * *
You sock something!
You hear some strange, mumbled words.
A bolt of magma appears from out of thin air!
The bolt of magma hits you!!
You die...

.......... #####....
##..#..... . ###..
#.......# .. ##......#
.. ##....#..# .. #.
#........# c# #...#.
###.......#..#..) #...#.
#.....#{#..W...=. ...#.
##.....#@#...#.[.. #...
#.....##.#...# .# #...
#........#...### #...
##.......##...... ##..#
#.##.....#......####....
###......###............
#..........#####........
###.#..............###..
####.#######...##.....


There were no monsters in sight!

Vanquished Creatures
  A hydra (D:8)
  A two-headed ogre (D:10)
  A cyclops (D:8)
  A freezing wraith (D:10)
  Grinder (D:4)
  A hornet (D:7)
  3 shadows
  Eustachio (D:5)
  11 yaks (D:9)
  Edmund (D:5)
  Menkaure (D:5)
  A water moccasin (D:7)
  6 orc warriors
  3 ice beasts
  A hornet zombie (D:8)
  2 necrophages
  3 ogres
  5 centaurs
  A phantom (D:5)
  A kobold brigand (D:8)
  Blork the orc (D:5)
  A bullfrog (D:6)
  A water moccasin zombie (D:6)
  A gnoll sergeant (D:9)
  5 killer bees (D:10)
  8 wights
  A lava snake (D:7)
  A bullfrog zombie (D:6)
  A jelly (D:6)
  6 centaur zombies
  A centaur skeleton (D:6)
  A hound (D:6)
  3 orc priests
  2 iguanas
  An iron imp (D:8)
  4 orc wizards
  A howler monkey zombie (D:5)
  4 gnolls (D:9)
  A howler monkey skeleton (D:4)
  5 adders
  A shadow imp (D:5)
  A white imp (D:6)
  An ufetubus (D:4)
  3 worms
  4 dart slugs
  32 orcs
  7 ball pythons
  11 endoplasms
  3 giant cockroaches
  11 goblins
  5 hobgoblins
  8 jackals
  A quokka (D:3)
  2 bats (D:1)
  2 frilled lizards (D:1)
  6 kobolds
  A quokka skeleton (D:4)
  A rat (D:3)
195 creatures vanquished.

Vanquished Creatures (others)
  A gnoll (D:9)
  A fungus (D:7)
  2 plants (D:10)
  6 toadstools (D:7)
10 creatures vanquished.

Grand Total: 205 creatures vanquished

Notes
Turn   | Place    | Note
-------+----------+-------------------------------------------
     0 | D:1      | MisterFreud the Troll Berserker began the quest for the
                  | Orb.
     0 | D:1      | Reached XP level 1. HP: 22/22 MP: 0/0
    27 | D:1      | Reached skill level 3 in Maces & Flails
   124 | D:1      | Reached XP level 2. HP: 29/29 MP: 1/1
   497 | D:1      | Reached XP level 3. HP: 36/36 MP: 2/2
   522 | D:1      | Found Syump's General Store.
   541 | D:1      | Bought a scroll of identify for 22 gold pieces
   686 | D:2      | Reached skill level 4 in Maces & Flails
   714 | D:2      | Reached ** piety under Trog
   929 | D:2      | Found a faded altar of an unknown god.
  1206 | D:3      | Noticed a necrophage
  1218 | D:3      | Killed a necrophage
  1219 | D:3      | Reached skill level 5 in Maces & Flails
  1219 | D:3      | Reached XP level 4. HP: 25/44 MP: 3/3
  1219 | D:3      | Reached XP level 5. HP: 28/50 MP: 4/4
  1496 | D:3      | Reached skill level 6 in Maces & Flails
  1515 | D:3      | Found a runed translucent gate.
  1515 | D:3      | Found a runed translucent gate.
  1515 | D:3      | Found a runed translucent gate.
  1516 | D:3      | Noticed PeterMcNeter's ghost (amateur MiHu)
  1959 | D:4      | Found a blossoming altar of Fedhas.
  2019 | D:4      | Noticed Grinder
  2023 | D:4      | Paralysed by Grinder for 6 turns
  2044 | D:4      | Paralysed by Grinder for 5 turns
  2052 | D:4      | Killed Grinder
  2052 | D:4      | Reached *** piety under Trog
  2053 | D:4      | Reached skill level 7 in Maces & Flails
  2053 | D:4      | Reached XP level 6. HP: 46/59 MP: 5/5
  2187 | D:4      | Found a glowing golden altar of the Shining One.
  2557 | D:4      | Reached XP level 7. HP: 66/66 MP: 6/6
  2781 | D:5      | Entered Level 5 of the Dungeon
  2795 | D:5      | Found a shadowy altar of Dithmenos.
  2795 | D:5      | Noticed Eustachio
  2925 | D:5      | Reached skill level 8 in Maces & Flails
  2954 | D:5      | Noticed Menkaure
  2964 | D:5      | Killed Menkaure
  3132 | D:5      | Noticed Blork the orc
  3138 | D:5      | Killed Blork the orc
  3311 | D:5      | Reached XP level 8. HP: 63/78 MP: 7/7
  3334 | D:5      | Found a bloodstained altar of Trog.
  3389 | D:5      | Noticed Edmund
  3406 | D:5      | Killed Edmund
  3426 | D:5      | Killed Eustachio
  3714 | D:6      | Identified the +3 chain mail of Insurance {rN+}
  3718 | D:6      | You fall into a shaft and drop 3 floors!
  3800 | D:9      | Reached skill level 5 in Fighting
  3805 | D:9      | Reached skill level 9 in Maces & Flails
  3805 | D:9      | Reached skill level 5 in Dodging
  3805 | D:9      | Reached XP level 9. HP: 41/88 MP: 8/8
  3969 | D:9      | Reached skill level 10 in Maces & Flails
  4187 | D:7      | Reached skill level 11 in Maces & Flails
  4438 | D:6      | Reached **** piety under Trog
  4510 | D:6      | Reached XP level 10. HP: 95/96 MP: 9/9
  5027 | D:7      | Found Ystoerhe's Antique Weapon Boutique.
  5208 | D:7      | Found a staircase to the Ecumenical Temple.
  5476 | D:8      | Reached skill level 12 in Maces & Flails
  5810 | D:8      | Noticed a cyclops
  5829 | D:8      | Killed a cyclops
  5867 | D:8      | Noticed a six-headed hydra
  5875 | D:8      | Killed a six-headed hydra
  5949 | D:8      | Found a snail-covered altar of Cheibriados.
  6064 | D:9      | Reached skill level 13 in Maces & Flails
  6363 | D:9      | Reached ***** piety under Trog
  6498 | D:10     | Entered Level 10 of the Dungeon
  6498 | D:10     | Noticed Erica
  6638 | D:10     | Found a staircase to the Lair.
  6763 | D:10     | Found Azeavetz's Weapon Shoppe.
  6766 | D:10     | Noticed a two-headed ogre
  6790 | D:10     | Killed a two-headed ogre
  6791 | D:10     | Reached XP level 11. HP: 102/102 MP: 10/10
  6910 | D:10     | Noticed an ogre mage
  6910 | D:10     | Noticed Erolcha
  6925 | D:10     | Reached skill level 14 in Maces & Flails
  6937 | D:10     | Killed from afar by an ogre mage

Illustrated notes

Levels and vault maps discovered:
D:1:      dpeg_arrival_solitude, layout_loops_ring, serial_shops, shop_coins
D:2:      layout_loops_cross, shapermc_ecumenical_altar_rom_forum,
          chequers_serial_rivers_small_a
D:3:      layout_rooms, gammafunk_ghost_split, roderic_lattice_a,
          kennysheep_generic_room_7
D:4:      layout_loops_corners, mainiacjoe_overflow_chevrons, kennysheep_mini,
          uniq_grinder
D:5:      layout_gridville, trog_book, lemuel_round_altar, uniq_edmund,
          uniq_menkaure, uniq_blork_the_orc, uniq_eustachio
D:6:      layout_basic
D:7:      layout_gridville, temple_statues, serial_shops,
          nicolae_inconvenience_store, minmay_gold_behind_fungi,
          kennysheep_generic_room_4
D:8:      layout_gridville, slow_altar_2, nicolae_wwwww, minivault_11,
          minmay_three_doors
D:9:      layout_long_grid, enter_bailey_3
D:10:     layout_cave_pools, lemuel_zombie_altar_yredelemnul, dpeg_oklobed_lair,
          serial_shops, shop, minmay_radiant, uniq_erica, uniq_erolcha

Skill      XL: |  1  2  3  4  5  6  7  8  9 10 11 |
---------------+----------------------------------+-----
Maces & Flails | 3 5 7 8 9 11 13 14 | 14.0
Fighting       | 3 5 |  5.2
Dodging        | 3 5 |  5.0

Action                   |  1- 3 |  4- 6 |  7- 9 | 10-12 || total
-------------------------+-------+-------+-------+-------++-------
Melee: Mace              |   131 |   148 |    42 |       ||   321
       Morningstar       |       |       |    29 |       ||    29
       Flail             |       |       |   218 |   311 ||   529
Invok: Berserk           |       |     2 |     4 |     3 ||     9
       Trog's Hand       |       |       |     3 |     1 ||     4
Evoke: Wand              |       |       |     2 |       ||     2
  Use: Scroll            |     2 |     5 |       |     2 ||     9
       Potion            |       |       |     1 |       ||     1
 Stab: Sleeping          |       |     2 |       |       ||     2
       Distracted        |       |       |       |     1 ||     1
Armor: Animal skin       |    42 |    32 |    48 |       ||   122
       Robe              |       |       |    18 |    98 ||   116
Dodge: Dodged            |    80 |    61 |    93 |   201 ||   435
Block: Other             |       |       |    42 |    67 ||   109
       Reflection        |       |       |       |     1 ||     1
